 Dungeon Crawl Stone Soup version 0.28.0 (webtiles) character file.

Game seed: 8720991476741991777

16 GraveyardiganJr the Ruffian (level 2, -2/43 HPs)
             Began as a Troll Berserker on Feb 5, 2022.
             Was a Follower of Trog.
             Succumbed to a goblin's poison
             ... on level 2 of the Dungeon.
             The game lasted 00:02:37 (698 turns).

GraveyardiganJr the Ruffian (Troll Berserker)        Turns: 698, Time: 00:02:38

Health: -2/43      AC: 21    Str: 24    XL:     2   Next: 41%
Magic:  1/1        EV:  1    Int:  3    God:    Trog [*.....]
Gold:   101        SH:  0    Dex:  9    Spells: 1/1 levels left

rFire   + . .      SeeInvis .     - Unarmed
rCold   . . .      Faith    .   (no shield)
rNeg    . . .      Spirit   .   (armour currently unavailable)
rPois   +          Reflect  .   (helmet currently unavailable)
rElec   .          Harm     .   (cloak currently unavailable)
rCorr   .          Rampage  .   (gloves unavailable)
Will    .....      NoTele   +   (boots unavailable)
Stlth   +.........              (no amulet)
HPRegen 0.94/turn               g - ring of protection from fire
MPRegen 0.07/turn               (no ring)

@: lethally poisoned (-2 -> -8), tree-form
A: stationary, stasis, torment immunity, boosted hp, large, unfitting armour,
(claws 3), regeneration 1, (shaggy fur 1), (tough skin 1)
a: Renounce Religion, Berserk


You were on level 2 of the Dungeon.
You worshipped Trog.
Trog was aware of your devotion.
You were a tree.
You visited 1 branch of the dungeon, and saw 2 of its levels.

You collected 101 gold pieces.

Inventory:

Missiles
 c - 28 stones (quivered)
Armour
 a - a +0 animal skin (melded)
Jewellery
 g - a ring of protection from fire (left branch)
Scrolls
 b - a scroll of teleportation {unknown}
 d - a scroll of enchant armour {unknown}
 e - 2 scrolls of identify {unknown}
 h - a scroll of blinking {unknown}


   Skills:
 + Level 2.6 Fighting
 + Level 2.7 Dodging
 + Level 3.3 Unarmed Combat


You had one spell level left.
You didn't know any spells.
Your spell library was empty.

Dungeon Overview and Level Annotations

Branches:
Dungeon (2/15)

Altars:


Innate Abilities, Weirdness & Mutations

You are a tree.
Your roots penetrate the ground, keeping you stationary.
You cannot be teleported.
You are immune to unholy pain and torment.
Your maximum health is greatly increased.
Your equipment is partially melded.
You are too large for most types of armour.
((You have claws for hands.))
Your natural rate of healing is unusually fast.
((You are covered in fur. (AC +1)))
((You have tough skin. (AC +1)))


Message History

The frilled lizard barely misses you.
You closely miss the frilled lizard.
You feel very sick.
The goblin hits you but does no damage. x2
You are lethally poisoned!
The frilled lizard bites you but does no damage.
* * * LOW HITPOINT WARNING * * *
You feel very sick.
It was a potion of lignification.
You turn into a tree.
Your +0 animal skin melds into your body.
Your roots penetrate the ground.
* * * LOW HITPOINT WARNING * * *
You feel very sick.
The goblin hits you but does no damage. x2
The frilled lizard bites you but does no damage.
You pummel the frilled lizard!!
You kill the frilled lizard!
Trog accepts your kill.
* * * LOW HITPOINT WARNING * * *
You feel very sick. The goblin hits you but does no damage.
The goblin completely misses you.
You barely miss the goblin.
* * * LOW HITPOINT WARNING * * *
You feel sick.
The goblin hits you but does no damage. x2
You closely miss the goblin.
* * * LOW HITPOINT WARNING * * *
You feel sick.
The goblin hits you but does no damage. x2
You barely miss the goblin.
The goblin is severely wounded.
You feel sick.
The goblin hits you but does no damage. x2
You are lethally poisoned!
You pummel the goblin!!
You kill the goblin!
Trog accepts your kill.
* * * LOW HITPOINT WARNING * * *
You feel very sick.
You pummel the goblin!!
You kill the goblin!
Trog accepts your kill.
You die...

#. ...# #.#
... <.. #..
#.####..
...#.. ..
#...# ..#
#...##...##
##))<.......
#.♣.........
#.......#.#.
#.........##.#
..###....## .#
......# #
##...### #.#.
..#. .....


There were no monsters in sight!

Vanquished Creatures
  2 endoplasms
  3 goblins
  A quokka (D:1)
  2 ball pythons (D:1)
  3 bats (D:1)
  2 frilled lizards
  2 kobolds (D:1)
  2 rats (D:1)
17 creatures vanquished.

Notes
Turn   | Place    | Note
-------+----------+-------------------------------------------
     0 | D:1      | GraveyardiganJr the Troll Berserker began the quest for the
                  | Orb.
     0 | D:1      | Reached XP level 1. HP: 22/22 MP: 0/0
    33 | D:1      | Found a faded altar of an unknown god.
   359 | D:1      | Reached XP level 2. HP: 29/29 MP: 1/1
   697 | D:2      | HP: 1/43 [poisoned by a goblin]
   698 | D:2      | Succumbed to a goblin's poison

Illustrated notes

Levels and vault maps discovered:
D:1:      wander_arrival_lonely_grave, layout_loops_ring,
          basic_ecumenical_altar, minmay_tromino_v2
D:2:      layout_rooms, minmay_cut_off, uniq_robin, uniq_crazy_yiuf_cottage

Action                   || total
-------------------------++-------
Melee: Unarmed           ||    45
       Punch             ||     1
Throw: Stone             ||     9
  Use: Potion            ||     1
Armor: Animal skin       ||    18
       Skin              ||    10
Dodge: Dodged            ||    16
